 Dungeon Crawl Stone Soup version 0.29.0-4-gdea44cf6ec (webtiles) character file.

Game seed: 10605355209355687415

51 qw the Ruffian (level 3, -1/28 HPs)
             Began as a Ghoul Fire Elementalist on Aug 29, 2022.
             Slain by an adder (2 damage)
             ... on level 2 of the Dungeon.
             The game lasted 00:01:35 (2155 turns).

qw the Ruffian (Ghoul Fire Elementalist)            Turns: 2155, Time: 00:01:35

Health: -1/28      AC:  2    Str: 13    XL:     3   Next: 83%
Magic:  4/4        EV: 12    Int: 10    God:
Gold:   69         SH:  0    Dex:  9    Spells: 4/5 levels left

rFire   . . .      SeeInvis .     - Unarmed
rCold   + . .      Faith    .   (no shield)
rNeg    + + +      Spirit   .   a - +0 robe
rPois   inf        Reflect  .   (no helmet)
rElec   .          Harm     .   (no cloak)
rCorr   .          Rampage  .   (no gloves)
Will    .....                   (no boots)
Stlth   ++........              (no amulet)
HPRegen 0.00/turn               (no ring)
MPRegen 0.09/turn               (no ring)

@: inhibited regen
A: claws 1, cold resistance 1, negative energy resistance 3, inhibited
regeneration, torment resistance 2, devour on kill
a: no special abilities


You were on level 2 of the Dungeon.
You visited 1 branch of the dungeon, and saw 2 of its levels.

You collected 109 gold pieces.
You spent 40 gold pieces at shops.


Innate Abilities, Weirdness & Mutations

You are immune to poison.
You have sharp fingernails.
Your flesh is cold resistant. (rC+)
You are immune to negative energy. (rN+++)
You do not regenerate when monsters are visible.
You are immune to unholy pain and torment.
You thrive by killing the living.


   Skills:
 - Level 1.0 Fighting
 - Level 1.7 Dodging
 - Level 2.1 Stealth
 + Level 3.3 Unarmed Combat
 - Level 1.7 Spellcasting
 - Level 0.7 Conjurations
 - Level 2.4 Fire Magic


You had 4 spell levels left.
You knew the following spells:

 Your Spells              Type           Power      Damage    Failure   Level
a - Foxfire               Conj/Fire      16%        2x1d4     17%         1

Your spell library contained the following spells:

 Spells                   Type           Power      Damage    Failure   Level
 Scorch                   Fire           10%        2d5       19%         2
 Conjure Flame            Conj/Fire      4%         6-21      45%         3
 Inner Flame              Hex/Fire       3%         N/A       52%         3
 Flame Wave               Conj/Fire      4%         2d5       86%         4

Inventory:

Armour
 a - a +0 robe (worn)
 h - a +0 leather armour
 j - a +0 ring mail
Jewellery
 e - a ring of magical power
Scrolls
 f - a scroll of torment {unknown}
 g - 2 scrolls of identify
Potions
 b - a potion of lignification {unknown}
 c - 2 potions of might {unknown}
 d - a potion of cancellation {unknown}
 i - 2 potions of curing
 k - 2 potions of mutation {unknown}

Dungeon Overview and Level Annotations

Branches:
Dungeon (2/15)

Altars:
Qazlal

Shops:
D:2 ?


Message History

The adder bites you but does no damage. The adder closely misses you.
You barely miss the adder.
The adder is lightly wounded.
The adder bites you but does no damage.
You closely miss the adder.
The adder is lightly wounded.
The adder barely misses you.
You closely miss the adder. The adder bites you.
You scratch the adder.
The adder is moderately wounded.
The adder bites you.
You scratch the adder.
The adder is heavily wounded.
The adder misses you. The adder bites you.
You closely miss the adder.
The adder is heavily wounded.
The adder bites you.
You closely miss the adder.
The adder is heavily wounded.
The adder bites you.
You closely miss the adder.
The adder is heavily wounded.
The adder bites you. The adder completely misses you.
You scratch the adder but do no damage.
The adder is heavily wounded.
The adder bites you.
You scratch the adder.
The adder is almost dead.
The adder barely misses you.
You miss the adder.
The adder is almost dead.
The adder bites you.
You closely miss the adder.
The adder is almost dead.
The adder barely misses you.
You closely miss the adder.
The adder is almost dead.
The adder closely misses you. The adder bites you.
You die...

################
...............#
...###.....#####.#
#.....@...# #.#
#####S###.# #.# #.
#.# #.# #. #.# #.#
#. #.#####.# ..
#.#....%####### ..
#.............. #
.. #.#.###.)......
# # #.######.


You could see an adder.

Vanquished Creatures
  2 adders (D:2)
  3 dart slugs (D:1)
  3 bats (D:1)
  2 giant cockroaches (D:2)
  3 goblins
  2 hobgoblins (D:2)
  2 quokkas (D:1)
  2 ball pythons (D:1)
  3 frilled lizards (D:1)
  5 kobolds
  2 rats (D:1)
29 creatures vanquished.

Vanquished Creatures (others)
  2 fungi (D:1)
  3 plants (D:1)
5 creatures vanquished.

Grand Total: 34 creatures vanquished

Notes
Turn   | Place    | Note
-------+----------+-------------------------------------------
     0 | D:1      | qw the Ghoul Fire Elementalist began the quest for the Orb.
     0 | D:1      | Reached XP level 1. HP: 14/14 MP: 2/2
     0 | D:1      | 0 ||| qw: Version: 0.1-a-90-g952f4b7
     0 | D:1      | 0 ||| qw: Game counter: 4044
     0 | D:1      | 0 ||| qw: Always use a shield: true
     0 | D:1      | 0 ||| qw: God list: Okawaru
     0 | D:1      | 0 ||| qw: Allow faded altars: false
     0 | D:1      | 0 ||| qw: Do Orc after D:15 true
     0 | D:1      | 0 ||| qw: Do second Lair branch before Depths: true
     0 | D:1      | 0 ||| qw: Lair rune preference: random
     0 | D:1      | 0 ||| qw: Plans: Normal
     0 | D:1      | 0 ||| PLANNING D:1-11
    11 | D:1      | 11 ||| Stepping ~*~*~tactically~*~*~ (hiding).
   113 | D:1      | 113 ||| Stepping ~*~*~tactically~*~*~ (hiding).
   138 | D:1      | Reached skill level 1 in Unarmed Combat
   353 | D:1      | Reached XP level 2. HP: 22/22 MP: 3/3
   386 | D:1      | Reached skill level 1 in Fighting
   543 | D:1      | Found a faded altar of an unknown god.
   611 | D:1      | 611 ||| Stepping ~*~*~tactically~*~*~ (stealth).
   612 | D:1      | 612 ||| Stepping ~*~*~tactically~*~*~ (stealth).
   614 | D:1      | 614 ||| Stepping ~*~*~tactically~*~*~ (stealth).
   616 | D:1      | 616 ||| Stepping ~*~*~tactically~*~*~ (stealth).
   626 | D:1      | 626 ||| Stepping ~*~*~tactically~*~*~ (stealth).
   776 | D:1      | 776 ||| Stepping ~*~*~tactically~*~*~ (hiding).
   791 | D:1      | 791 ||| Stepping ~*~*~tactically~*~*~ (stealth).
   793 | D:1      | 793 ||| Stepping ~*~*~tactically~*~*~ (hiding).
   795 | D:1      | 795 ||| Stepping ~*~*~tactically~*~*~ (stealth).
   796 | D:1      | 796 ||| Stepping ~*~*~tactically~*~*~ (stealth).
   874 | D:1      | Reached skill level 2 in Unarmed Combat
  1404 | D:1      | Reached XP level 3. HP: 27/28 MP: 4/4
  1485 | D:1      | 1485 ||| READING scroll labelled UNIBEO XIOCK.
  1486 | D:1      | 1486 ||| READING scroll labelled KOWA IG DAP.
  1487 | D:1      | 1487 ||| READING scroll labelled HANITANARA.
  1488 | D:1      | 1488 ||| READING scroll labelled GICHIPH CEPIH.
  1489 | D:1      | 1489 ||| DRINKING 3 grey potions.
  1490 | D:1      | 1490 ||| DROPPING potion of magic.
  1589 | D:2      | Found a stormy altar of Qazlal.
  1675 | D:2      | Found Qinikhli's Magic Scroll Boutique.
  1693 | D:2      | 1693 ||| BUYING scroll of identify (20 gold).
  1693 | D:2      | Bought a scroll of identify for 20 gold pieces
  1693 | D:2      | 1693 ||| BUYING scroll of identify (20 gold).
  1693 | D:2      | Bought a scroll of identify for 20 gold pieces
  1745 | D:2      | Reached skill level 3 in Unarmed Combat
  2149 | D:2      | HP: 6/28 [adder (4)]
  2151 | D:2      | HP: 2/28 [adder (2)]
  2155 | D:2      | Slain by an adder

Levels and vault maps discovered:
D:1:      eino_arrival_water_star, layout_basic, shapermc_ecumenical_altar_gd
D:2:      layout_loops_ring, basic_altar, serial_shops, nicolae_shop_stone

Skill      XL: |  1  2  3 |
---------------+----------+-----
Unarmed Combat | 1 2 3 |  3.3
Fighting       | 1 |  1.0
Dodging        | |  1.7
Stealth        | |  2.1
Spellcasting   | |  1.7
Conjurations   | |  0.7
Fire Magic     | |  2.4

Action                   || total
-------------------------++-------
Melee: Unarmed           ||   150
       Punch             ||     1
  Use: Scroll            ||     4
       Potion            ||     1
 Stab: Sleeping          ||     1
Armor: Robe              ||    25
Dodge: Dodged            ||    93

Table legend:
 A = Non-vault XP
 B = Vault XP
 C = Vault XP percentage of total XP
 D = Non-vault monster count
 E = Vault monster count
 F = Vault count percentage of total count
                 A         B        C        D         E       F
            +---------+---------+-------+---------+---------+-------
      Total |      74 |       0 |   0.0 |      29 |       0 |   0.0
            +---------+---------+-------+---------+---------+-------
        D:1 |      34 |       0 |   0.0 |      20 |       0 |   0.0
        D:2 |      40 |       0 |   0.0 |       9 |       0 |   0.0
            +---------+---------+-------+---------+---------+-------
